 Dungeon Crawl Stone Soup version 0.19.4-9-g45fd643 (webtiles) character file.

1636 greenice the Carver (level 8, -5/64 HPs)
             Began as a Minotaur Fighter on Feb 19, 2017.
             Killed from afar by an electric eel (11 damage)
             ... with a bolt of electricity
             ... on level 6 of the Dungeon.
             The game lasted 00:09:56 (5846 turns).

greenice the Carver (Minotaur Fighter)              Turns: 5846, Time: 00:09:56

Health: -5/64      AC:  6    Str: 22    XL:     8   Next: 66%
Magic:  7/7        EV:  7    Int:  5    God:
Gold:   205        SH:  9    Dex: 11    Spells: 0 memorised, 7 levels left

rFire  . . .     SeeInvis .     a - +0 long sword
rCold  . . .     Gourm    .     b - +0 scale mail
rNeg   . . .     Faith    .     c - +0 shield
rPois  .         Spirit   .     (helmet restricted)
rElec  .         Reflect  .     (no cloak)
rCorr  .         Harm     .     (no gloves)
MR     .....                    (no boots)
Stlth  ..........               (no amulet)
                                (no ring)
                                (no ring)

@: no status effects
A: retaliatory headbutt, horns 2
a: no special abilities


You were on level 6 of the Dungeon.
You were not hungry.

You visited 1 branch of the dungeon, and saw 6 of its levels.

You collected 205 gold pieces.

Inventory:

Hand Weapons
 a - a +0 long sword (weapon)
Armour
 b - a +0 scale mail (worn)
 c - a +0 shield (worn)
Jewellery
 l - an uncursed ring of stealth {unknown}
Wands
 p - a wand of teleportation (0/9)
 q - a wand of enslavement (8/24)
Scrolls
 e - 2 scrolls of teleportation {unknown}
 j - 4 scrolls of identify {unknown}
 k - a scroll of enchant weapon {unknown}
 n - a scroll of blinking {unknown}
 s - a scroll of magic mapping {unknown}
 t - 2 scrolls of noise {unknown}
 v - a scroll of recharging {unknown}
 x - 2 scrolls of remove curse {unknown}
 y - a scroll of enchant armour {unknown}
Potions
 h - 2 potions of heal wounds {unknown}
 i - a potion of magic {unknown}
 m - 2 potions of lignification {unknown}
 o - a potion of flight {unknown}
 w - 2 potions of curing {unknown}
 z - a potion of degeneration {unknown}
 A - a potion of cancellation {unknown}
Comestibles
 d - a chunk of flesh
 f - 2 bread rations
 g - 4 fruits
 r - 2 beef jerkies
 u - 3 meat rations


   Skills:
 - Level 3.6 Fighting
 + Level 12.9 Long Blades
 - Level 3.6 Armour
 - Level 3.6 Shields


You had 7 spell levels left.
You didn't know any spells.

Dungeon Overview and Level Annotations

Branches:
Dungeon (6/15)
 Temple: D:4-7

Altars:
Ashenzari
Nemelex Xobeh
Yredelemnul
Zin


Innate Abilities, Weirdness & Mutations

You reflexively headbutt those who attack you in melee.
You have a pair of horns on your head.


Message History

You barely miss the electric eel. You headbutt the electric eel.
The electric eel is almost dead.
The electric eel shoots out a bolt of lightning at you!
The bolt of electricity hits you!
* * * LOW HITPOINT WARNING * * *
You barely miss the electric eel.
The electric eel is almost dead.
Okay, then.
You miss the electric eel.
The electric eel is almost dead.
You miss the electric eel.
The electric eel is almost dead.
Unknown command.
You miss the electric eel.
The electric eel is almost dead.
You miss the electric eel.
The electric eel is almost dead.
The electric eel shoots out a bolt of lightning at you!
The bolt of electricity hits you!
You die...

#.........#
#.........#
#.........#
#.........#
#.........###
#$..........#
#####......≈≈≈≈.#
#.....###+P≈≈≈≈..
#.....'..@;≈≈≈≈..
#.....#....≈≈≈...
+.....#..........
#.....#..........
#.....####+##+#..
##.....#...##.########
#.....#....#....#...#
+.....#....'....#...#
#.....#....#....#...#


You could see an electric eel.

Vanquished Creatures
  A human (D:2)
  An orc warrior (D:5)
  A phantom (D:5)
  A centaur (D:5)
  2 ogres
  A bullfrog (D:6)
  A scorpion (D:5)
  A crimson imp (D:5)
  2 bullfrog zombies (D:6)
  A centaur skeleton (D:6)
  4 hounds
  A jelly (D:5)
  3 orc priests
  A bullfrog skeleton (D:4)
  2 gnoll shamans
  An iguana (D:6)
  Terence (D:2)
  2 orc wizards (D:5)
  2 worker ants
  2 worker ant zombies
  Robin (D:3)
  4 adders
  10 gnolls
  2 shadow imps
  2 oozes
  3 adder skeletons
  2 worms
  2 dart slugs (D:1)
  3 leopard geckos
  17 orcs
  5 giant cockroaches
  21 goblins
  10 hobgoblins
  9 jackals
  2 quokkas (D:4)
  A ball python (D:2)
  A ball python zombie (D:6)
  5 bats
  5 frilled lizards
  A jackal zombie (D:6)
  8 kobolds
  A kobold zombie (D:2)
  2 leopard gecko skeletons
  A leopard gecko zombie (D:6)
  A quokka skeleton (D:4)
  5 rats
155 creatures vanquished.

Vanquished Creatures (others)
  An adder zombie (D:6)
1 creature vanquished.

Grand Total: 156 creatures vanquished

Notes
Turn   | Place    | Note
-------+----------+-------------------------------------------
     0 | D:1      | greenice the Minotaur Fighter began the quest for the Orb.
     0 | D:1      | Reached XP level 1. HP: 19/19 MP: 0/0
    96 | D:1      | Reached skill level 3 in Long Blades
    97 | D:1      | Reached XP level 2. HP: 26/26 MP: 1/1
   345 | D:1      | Reached skill level 4 in Long Blades
   585 | D:1      | Reached XP level 3. HP: 31/31 MP: 2/2
   905 | D:2      | Found a runed door.
   906 | D:2      | Noticed a human
   908 | D:2      | Reached skill level 5 in Long Blades
   910 | D:2      | Found a basalt altar of Yredelemnul.
  1022 | D:2      | Killed a human
  1022 | D:2      | Reached skill level 7 in Long Blades
  1022 | D:2      | Reached XP level 4. HP: 27/39 MP: 3/3
  1022 | D:2      | Reached XP level 5. HP: 31/45 MP: 4/4
  1298 | D:2      | Noticed Terence
  1304 | D:2      | Killed Terence
  1890 | D:3      | Reached XP level 6. HP: 50/51 MP: 5/5
  2167 | D:3      | Reached skill level 8 in Long Blades
  2183 | D:3      | Noticed Robin
  2189 | D:3      | Killed Robin
  2950 | D:4      | Reached skill level 9 in Long Blades
  3066 | D:4      | Reached XP level 7. HP: 57/57 MP: 6/6
  3439 | D:5      | Entered Level 5 of the Dungeon
  3584 | D:5      | Found a sparkling altar of Nemelex Xobeh.
  3584 | D:5      | Found a shattered altar of Ashenzari.
  3585 | D:5      | Found a glowing silver altar of Zin.
  3659 | D:5      | Reached skill level 10 in Long Blades
  4114 | D:5      | HP: 2/57 [ogre/giant spiked club (25)]
  4415 | D:5      | Reached skill level 11 in Long Blades
  4422 | D:5      | Reached XP level 8. HP: 37/64 MP: 7/7
  4875 | D:5      | Reached skill level 12 in Long Blades
  5846 | D:6      | Killed from afar by an electric eel

Skill      XL: |  1  2  3  4  5  6  7  8 |
---------------+-------------------------+-----
Long Blades    | 3 4 7 9 11 12 | 12.9
Fighting       | |  3.6
Armour         | |  3.6
Shields        | |  3.6

Action                   |  1- 3 |  4- 6 |  7- 9 || total
-------------------------+-------+-------+-------++-------
Melee: Long sword        |    89 |   152 |   189 ||   430
       Headbutt          |    14 |    28 |    42 ||    84
Evoke: Wand              |       |       |     1 ||     1
  Use: Potion            |       |     1 |     1 ||     2
  Eat: Chunk             |       |     7 |     9 ||    16
Armor: Scale mail        |    34 |    40 |    44 ||   118
Dodge: Dodged            |    19 |    41 |    48 ||   108
Block: Shield            |    39 |    72 |    68 ||   179
       Rpst.: Long sword |     5 |    12 |    12 ||    29
